General information
- name: BNet
- type: Ladder team game (AT/RT)
- host: Battle.net
- saver: dIRTMCWORDUp
map: BloodstoneMesa
- players: 6
- length: 07:19
- speed: Fast
- version: 1.21 W3XP
- replay type:

» download(52 KB)
Players
team 1 (winner)

»
dIRTMCWORDUp (
orange | 88 APM | 642 actions | 07:17)
3 Death Knight
2 Death Coil
1 Unholy Aura
» actions
| Assign group hotkey | 11 | |
| Basic commands | 23 | |
| Build / train | 23 | |
| ESC pressed | 1 | |
| Enter build submenu | 7 | |
| Enter hero's abilities submenu | 3 | |
| Right click | 293 | |
| Select / deselect | 57 | |
| Select group hotkey | 209 | |
| Use ability | 15 | |
642 total
» units
| Acolyte | 2 | |
| Ghoul | 8 | |
| Crypt Fiend | 4 | |
14 total
» buildings
| Crypt | 1 | |
| Altar of Darkness | 1 | |
| Ziggurat | 3 | |
| Graveyard | 1 | |
| Tomb of Relics | 1 | |
| Nerubian Tower | 1 | |
| Halls of the Dead | 1 | |
| Spirit Tower | 1 | |
| Black Citadel | 1 | |
11 total
» build order
00:12 Crypt
00:14 Altar of Darkness
00:30 Ziggurat
01:02 Graveyard
01:48 Ziggurat
02:09 Tomb of Relics
02:14 Nerubian Tower
03:25 Halls of the Dead
04:54 Ziggurat
04:57 Spirit Tower
07:07 Black Citadel

»
iggy_the_fisk (
green | 69 APM | 506 actions | 07:17)
3 Death Knight
2 Death Coil
1 Unholy Aura
» actions
| Assign group hotkey | 23 | |
| Basic commands | 1 | |
| Build / train | 21 | |
| Enter build submenu | 7 | |
| Enter hero's abilities submenu | 3 | |
| Remove unit from queue | 1 | |
| Right click | 281 | |
| Select / deselect | 86 | |
| Select group hotkey | 63 | |
| Use ability | 20 | |
506 total
» units
| Acolyte | 2 | |
| Ghoul | 2 | |
| Crypt Fiend | 9 | |
13 total
» buildings
| Crypt | 1 | |
| Ziggurat | 3 | |
| Altar of Darkness | 1 | |
| Graveyard | 1 | |
| Tomb of Relics | 1 | |
| Halls of the Dead | 1 | |
| Nerubian Tower | 1 | |
9 total
» build order
00:06 Crypt
00:07 Ziggurat
00:36 Altar of Darkness
00:55 Graveyard
01:34 Ziggurat
01:55 Tomb of Relics
03:24 Ziggurat
04:46 Halls of the Dead
05:04 Nerubian Tower
» items
Mata. (
teal | 161 APM | 1175 actions | 07:17)
3 Archmage
2 Summon Water Elemental
1 Brilliance Aura
1 Mountain King
1 Storm Bolt
» actions
| Assign group hotkey | 202 | |
| Basic commands | 6 | |
| Build / train | 32 | |
| Enter build submenu | 15 | |
| Enter hero's abilities submenu | 4 | |
| Remove unit from queue | 6 | |
| Right click | 532 | |
| Select / deselect | 208 | |
| Select group hotkey | 120 | |
| Use ability | 50 | |
1175 total
» units
» buildings
| Altar of Kings | 1 | |
| Farm | 5 | |
| Barracks | 1 | |
| Keep | 2 | |
| Arcane Vault | 1 | |
| Arcane Sanctum | 2 | |
12 total
» build order
00:04 Altar of Kings
00:18 Farm
00:35 Barracks
01:07 Farm
01:30 Farm
03:06 Keep
03:06 Keep
03:08 Arcane Vault
03:55 Farm
03:56 Farm
05:28 Arcane Sanctum
05:31 Arcane Sanctum
» items
team 2 (loser)
CRUSTY.WAFFlE (
yellow | 69 APM | 501 actions | 07:17)
1 Goblin Alchemist
1 Healing Spray
» actions
| Assign group hotkey | 17 | |
| Basic commands | 27 | |
| Build / train | 21 | |
| Enter build submenu | 13 | |
| Enter hero's abilities submenu | 1 | |
| Right click | 240 | |
| Select / deselect | 87 | |
| Select group hotkey | 68 | |
| Use ability | 27 | |
501 total
» units
» buildings
| Graveyard | 1 | |
| Crypt | 3 | |
| Altar of Darkness | 1 | |
| Ziggurat | 5 | |
| Tomb of Relics | 1 | |
| Nerubian Tower | 1 | |
| Spirit Tower | 1 | |
13 total
» build order
00:29 Graveyard
00:44 Crypt
00:52 Altar of Darkness
01:00 Ziggurat
01:19 Tomb of Relics
02:05 Crypt
02:06 Crypt
02:23 Ziggurat
02:54 Nerubian Tower
04:20 Ziggurat
05:52 Ziggurat
06:00 Ziggurat
06:46 Spirit Tower
» items
| Rod of Necromancy | 1 | |
| Sacrificial Skull | 1 | |
| Dust of Appearance | 1 | |
3 total
RANDOM.WAFFLE (
red | 64 APM | 469 actions | 07:17)
2 Keeper of the Grove
1 Entangling Roots
1 Thorns Aura
» actions
| Assign group hotkey | 10 | |
| Basic commands | 23 | |
| Build / train | 28 | |
| Enter build submenu | 8 | |
| Enter hero's abilities submenu | 2 | |
| Right click | 212 | |
| Select / deselect | 76 | |
| Select group hotkey | 98 | |
| Use ability | 12 | |
469 total
» units
» upgrades
| Strength of the Moon | 1 | |
| Improved Bows | 1 | |
2 total
» buildings
| Altar of Elders | 1 | |
| Moon Well | 4 | |
| Ancient of War | 1 | |
| Tree of Ages | 1 | |
| Hunter's Hall | 1 | |
8 total
» build order
00:17 Altar of Elders
00:31 Moon Well
00:45 Ancient of War
02:10 Moon Well
02:48 Moon Well
03:15 Tree of Ages
04:48 Moon Well
04:52 Hunter's Hall
SHABBY.WAFFlE (
purple | 58 APM | 423 actions | 07:17)
1 Priestess of the Moon
1 Searing Arrows
» actions
| Assign group hotkey | 6 | |
| Build / train | 30 | |
| ESC pressed | 1 | |
| Enter build submenu | 12 | |
| Enter hero's abilities submenu | 1 | |
| Right click | 240 | |
| Select / deselect | 75 | |
| Select group hotkey | 34 | |
| Use ability | 24 | |
423 total
» units
» buildings
| Altar of Elders | 1 | |
| Moon Well | 4 | |
| Ancient of War | 1 | |
| Hunter's Hall | 2 | |
| Ancient Protector | 3 | |
11 total
» build order
00:08 Altar of Elders
00:20 Moon Well
00:52 Ancient of War
01:53 Hunter's Hall
02:07 Moon Well
03:13 Moon Well
04:40 Moon Well
05:01 Hunter's Hall
06:23 Ancient Protector
06:25 Ancient Protector
06:28 Ancient Protector
Chat log
(00:05 / All) dIRTMCWORDUp: disc hack 4.w3g
(00:07 / All) Mata.: Disc it up bros
(00:13 / Allies) Mata.: what you guys going
(00:16 / All) iggy_the_fisk: just fucking leave maybe you'll get to play someone you can beat?
(00:17 / Allies) dIRTMCWORDUp: fiendo
(00:21 / Allies) iggy_the_fisk: fiendo i guess
(00:22 / All) dIRTMCWORDUp: lmao
(00:37 / Allies) Mata.: get fiend
(00:37 / Allies) dIRTMCWORDUp: would be funny if they beat us with garg.
(00:44 / Allies) iggy_the_fisk: yea new races
(00:45 / Allies) Mata.: i'll get slow mortar
(00:51 / Allies) dIRTMCWORDUp: neudne
(00:53 / Allies) Mata.: that's what makes this so funny to me
(00:54 / Allies) dIRTMCWORDUp: nud ne
(01:01 / Allies) Mata.: they keep trying new things
(01:03 / Allies) Mata.: but nothing works
(01:07 / Allies) dIRTMCWORDUp: yes
(01:13 / Allies) dIRTMCWORDUp: have you been saving these
(01:15 / Allies) Mata.: no
(01:17 / Allies) dIRTMCWORDUp: ok i have
(01:20 / Allies) Mata.: yeah
(01:21 / Allies) dIRTMCWORDUp: ill just upload to highper.ch
(01:21 / Allies) iggy_the_fisk: we got that
(01:31 / Allies) dIRTMCWORDUp: are you posting them
(01:36 / Allies) iggy_the_fisk: you are
(01:39 / Allies) dIRTMCWORDUp: nope
(01:40 / Allies) dIRTMCWORDUp: 2 lzy
(01:43 / Allies) dIRTMCWORDUp: gotta email blizz
(01:43 / Allies) Mata.: i can w/e
(01:51 / Allies) Mata.: i love 2 post
(01:54 / Allies) dIRTMCWORDUp: i noe
(02:02 / Allies) dIRTMCWORDUp: iggy do you eve rpost are you even a goon . .
(02:28 / Allies) dIRTMCWORDUp: lets dual dk it
(02:40 / All) dIRTMCWORDUp: what is strat this game.
(02:47 / All) dIRTMCWORDUp: besides lose -> disc
(02:55 / Allies) iggy_the_fisk: great
(02:57 / All) dIRTMCWORDUp: 2 crypt
(02:58 / Allies) Mata.: oghma
(03:00 / All) dIRTMCWORDUp: ? ? ? ?
(03:17 / Allies) iggy_the_fisk: nice surr
(03:24 / Allies) Mata.: they got potm kotg, i saw 1 ne with archer
(03:36 / Allies) dIRTMCWORDUp: wonder if its mass ghoul or what
(04:36 / Allies) dIRTMCWORDUp: guy wants mass ghoul
(04:38 / Allies) dIRTMCWORDUp: he gets mass ghoul
(05:41 / Allies) Mata.: tp
(05:51 / Allies) Mata.: wtf
(06:45 / All) Mata.: hahaha you fucking guys
(06:50 / All) Mata.: time to disc
(06:57 / Allies) iggy_the_fisk: what the fuck
(06:57 / All) Mata.: lmao
(06:58 / Allies) iggy_the_fisk: was that
(06:59 / All) dIRTMCWORDUp: lmfao
(07:10 / All) Mata.: see you next game
(07:12 / Allies) iggy_the_fisk: dude at first when we were at yellows
(07:13 / Allies) iggy_the_fisk: i was doing tims units
(07:15 / Allies) iggy_the_fisk: fucking everything up